 Dungeon Crawl Stone Soup version 0.32-a0-886-g41c5271027 (webtiles) character file.

Game seed: 8117737793862435487

245 Biggs the Shooter (level 6, -2/44 HPs)
             Began as a Coglin Hunter on Apr 2, 2024.
             Slain by an orc priest
             ... wielding a +0 dagger
              (3 damage)
             ... on level 4 of the Dungeon.
             The game lasted 00:02:47 (2331 turns).

Biggs the Shooter (Coglin Hunter)                   Turns: 2331, Time: 00:02:48

Health: -2/44      AC:  3    Str: 12    XL:     6   Next: 10%
Magic:  6/6        EV: 11    Int:  8    God:
Gold:   220        SH:  0    Dex: 19    Spells: 5/5 levels left

rFire   . . .        a - +2 sling {Matsuko}
rCold   . . .        d - +0 sling {Gilbert}
rNeg    . . .        c - +0 leather armour
rPois   .            (no helmet)
rElec   .            (no cloak)
rCorr   .            (no gloves)
SInv    .            (no boots)
Will    .....        (amulet unavailable)
Stlth   ++           (ring unavailable)
HPRegen 0.27/turn    (ring unavailable)
MPRegen 0.10/turn    (no gizmo)

%: no passive effects
@: revved
A: off-hand wielding, slow wielding, warmup strikes, no jewellery
a: Invent Gizmo, Convert to Beogh


You were on level 4 of the Dungeon.
You visited 1 branch of the dungeon, and saw 5 of its levels.

You collected 220 gold pieces.

Inventory:

Hand Weapons
 a - a +2 sling (weapon) {Matsuko}
 d - a +0 sling (offhand) {Gilbert}
Armour
 c - a +0 leather armour (worn)
Scrolls
 b - a scroll of enchant armour {unknown}
 f - a scroll of revelation {unknown}
 g - 4 scrolls of teleportation {unknown}
 i - 2 scrolls of identify {unknown}
 l - a scroll of blinking {unknown}
 m - a scroll of brand weapon {unknown}
Potions
 h - a potion of brilliance {unknown}
 j - a potion of berserk rage {unknown}
 k - 2 potions of curing {unknown}


   Skills:
 - Level 2.0 Fighting
 + Level 6.5 Ranged Weapons
 - Level 1.7 Dodging
 - Level 0.7 Stealth


You had 5 spell levels left.
You didn't know any spells.
Your spell library contained the following spells:

 Spells                   Type           Power      Damage    Failure   Level
 Cigotuvi's Dreadful Rot  Necr/Alch/Air  0%         N/A       63%         2
 Stone Arrow              Conj/Erth      0%         3d7       86%         3
 Animate Armour           Summ/Erth      0%         N/A       99%         4
 Ignite Poison            Fire/Alch      0%         N/A       99%         4
 Freezing Cloud           Conj/Ice/Air   0%         6-21      100%        5
 Lehudib's Crystal Spear  Conj/Erth      0%         10d2      100%        8


Dungeon Overview and Level Annotations

Branches:
Dungeon (5/15)             Temple (0/1) D:5

Altars:
Nemelex Xobeh
Qazlal

Annotations:
D:5 Dowan, Duvessa


Innate Abilities, Weirdness & Mutations

You can wield a second weapon in your off-hand.
It takes a long time for you to wield or remove held weapons.
Your first few attacks do less damage.
You cannot equip rings or amulets.


Message History

Unknown command.
The sleepcap misses you.
The orc priest calls down the wrath of Beogh upon you.
You barely resist.
You climb upwards.
There is a stone staircase leading down here.
Unknown command.
Unknown command.
Fire: a) +2 sling {Matsuko}
Press: ? - help, Q - select action Shift-Dir - straight line, f - sleepcap
Aim: a sleepcap (heavily damaged, 98% to hit)
You shoot a sling bullet.
The sling bullet hits the sleepcap but does no damage.
The sleepcap is heavily damaged.
You shoot a sling bullet. The sling bullet hits the sleepcap.
The sleepcap is heavily damaged.
The sleepcap releases spores at you.
You are engulfed in a cloud of soporific spores!
You are unaffected.
The orc priest barely misses you.
Fire: a) +2 sling {Matsuko}
Press: ? - help, Q - select action Shift-Dir - straight line, f/p - sleepcap
Aim: a sleepcap (heavily damaged, 98% to hit)
You shoot a sling bullet.
The sling bullet hits the sleepcap but does no damage.
The sleepcap is heavily damaged.
You shoot a sling bullet. The sling bullet hits the sleepcap.
The sleepcap is severely damaged.
The sleepcap releases spores at you.
* * * LOW HITPOINT WARNING * * *
The orc priest invokes the aid of Beogh against you.
Beogh smites you!
* * * LOW HITPOINT WARNING * * *
Unknown command.
Unknown command.
It was a potion of magic.
Magic courses through your body. The sleepcap barely misses you.
The orc priest hits you with a +0 dagger.
You die...

##..### #..... ##.....#####
##.... ##..........### ##.†.
#.............## ###.
##..............# ##
#..............(##
##................#
#.................# #####
##........@......## ##....
##.#......of.....# ##.....
#..##............# #......
##.#####.........## ##...... #
#..# ##........####....... ##
##.## ####....###......... .#
##..##### #####............ ##
#.......######....###.........
.###.............#######.........


You could see a sleepcap and an orc priest.

Vanquished Creatures
  2 jellies (D:4)
  2 orc priests (D:3)
  Natasha (D:3)
  5 adders
  2 dart slugs
  A ribbon worm (D:4)
  2 orcs (D:3)
  5 bats
  5 endoplasms
  2 giant cockroaches (D:4)
  2 goblins
  A hobgoblin (D:2)
  10 jackals (D:1)
  2 quokkas
  3 ball pythons
  A frilled lizard (D:3)
  6 kobolds
  3 rats
55 creatures vanquished.

Notes
Turn   | Place    | Note
-------+----------+-------------------------------------------
     0 | D:1      | Biggs the Coglin Hunter began the quest for the Orb.
     0 | D:1      | Reached XP level 1. HP: 16/16 MP: 1/1
   151 | D:1      | Reached skill level 4 in Ranged Weapons
   151 | D:1      | Reached XP level 2. HP: 22/22 MP: 2/2
   325 | D:1      | Reached XP level 3. HP: 17/27 MP: 3/3
   746 | D:3      | Identified the +8 plate armour of Apathy {^Contam rF+ rN+++
                  | Str-2}
  1102 | D:3      | Reached skill level 5 in Ranged Weapons
  1102 | D:3      | Reached XP level 4. HP: 32/33 MP: 4/4
  1137 | D:3      | Found a faded altar of an unknown god.
  1145 | D:3      | Noticed Natasha
  1148 | D:3      | Killed Natasha
  1199 | D:3      | Reached XP level 5. HP: 28/38 MP: 5/5
  1742 | D:4      | Reached skill level 6 in Ranged Weapons
  1796 | D:4      | Found a sparkling altar of Nemelex Xobeh.
  1913 | D:4      | Found a stormy altar of Qazlal.
  2099 | D:4      | Reached XP level 6. HP: 44/44 MP: 6/6
  2289 | D:5      | Entered Level 5 of the Dungeon
  2289 | D:5      | Noticed Duvessa
  2289 | D:5      | Noticed Dowan
  2321 | D:5      | Found a staircase to the Ecumenical Temple.
  2330 | D:4      | HP: 1/44 [orc priest/divine providence (12)]
  2331 | D:4      | Slain by an orc priest

Illustrated notes

Levels and vault maps discovered:
D:1:      wander_arrival_peaceful_grave, layout_loops_ring
D:2:      layout_basic, corexii_leaking_fountain, serial_bayou_lake_a
D:3:      layout_loops_ring, chequers_ecumenical_altar_simple, uniq_natasha
D:4:      layout_cave_pods, mainiacjoe_overflow_small_starburst,
          grunt_qazlal_clouds, minivault_23, saegor_snake_ambush
D:5:      layout_rooms, minmay_temple_entry_proselytizer, uniq_ijyb,
          uniq_duvessa

Skill      XL: |  1  2  3  4  5 |
---------------+----------------+-----
Ranged Weapons | 4 5 6 |  6.5
Fighting       | |  2.0
Dodging        | |  1.7
Stealth        | |  0.7

Action                     |  1- 3 |  4- 6 || total
---------------------------+-------+-------++-------
   Fire: Sling             |   122 |   122 ||   244
    Use: Scroll            |     1 |       ||     1
         Potion            |       |     1 ||     1
 Armour: Leather armour    |    25 |     9 ||    34
  Dodge: Dodged            |    24 |     7 ||    31

Table legend: (Time is in decaauts)
 A = Elapsed time spent in this place.
 B = Non-inter-level travel time spent in this place.
 C = Inter-level travel time spent in this place.
 D = Time resting spent in this place.
 E = Time spent auto-exploring this place.
 F = Levels seen in this place.
 G = Mean time per level.
                   A        B        C        D        E       F      G
               +--------+--------+--------+--------+--------+-----+--------+
         Total |   2392 |   2314 |     78 |     46 |   1959 |   5 |  478.4 |
       Dungeon |   2392 |   2314 |     78 |     46 |   1959 |   5 |  478.4 |
               +--------+--------+--------+--------+--------+-----+--------+

Top non-repeatable levels by time:
     D:4: 913 daAuts
     D:3: 665 daAuts
     D:1: 552 daAuts
     D:2: 252 daAuts
     D:5: 9 daAuts
